[Event "*** SCC Grand Prix: Titled Tuesday Blitz"]
[Site "Chess.com"]
[Date "2020.06.09"]
[Round "5"]
[White "Harry_Rakkel"]
[Black "CookiesAndIceCream"]
[Result "0-1"]
[WhiteElo "2501"]
[BlackElo "2338"]
[TimeControl "180+1"]
[EndTime "9:55:16 PDT"]
[Termination "CookiesAndIceCream won by resignation"]

1. d4 d5 2. c4 c6 3. cxd5 cxd5 4. Nc3 Nf6 5. Nf3 Nc6 6. Bf4 Bf5 7. e3 e6 8. Bb5 Nd7 9. O-O Be7 10. Rc1 Rc8 11. Bd3 Bxd3 12. Qxd3 O-O 13. h3 Nb6 14. Nd2 Na5 15.
b3 Nc6 16. Ne2 Ba3 17. Rcd1 Nb4 18. Qb1 Rc2 19. Nf3 Rxe2 20. Rd2 Rxd2 21. Nxd2 Qd7 22. Nf3 Rc8 23. Ne5 Qb5 24. Qd1 f6 25. Qg4 Qe8 26.
Nf3 Nd3 27. Bh6 Bf8 28. Rd1 Nb4 29. a3 Nc6 30. b4 f5 31. Qg3 Qg6 32. Bg5 h6 33. b5 Na5 34. h4 hxg5 35. Nxg5 Be7 0-1

[Event "*** SCC Grand Prix: Titled Tuesday Blitz"]
[Site "Chess.com"]
[Date "2020.06.09"]
[Round "5"]
[White "j_coca"]
[Black "guillembaches"]
[Result "1/2-1/2"]
[WhiteElo "2210"]
[BlackElo "2480"]
[TimeControl "180+1"]
[EndTime "9:55:19 PDT"]
[Termination "Game drawn by agreement"]

1. f4 g6 2. Nf3 Bg7 3. g3 d5 4.
Bg2 Nf6 5. O-O O-O 6. c3 c5 7. d3 d4 8. e4 dxe3 9. Bxe3 Qc7 10. Nbd2 Rd8 11. Qe2 Bf5 12. d4 Nbd7 13. Nb3 c4 14.
Nc1 Nd5 15. Bd2 N7f6 16. Ne5 b5 17. g4 Bc8 18. g5 Ne8 19. a4 Rb8 20. axb5 Rxb5 21. Qxc4 Rxb2 22. Qxc7 Nexc7 23. Rf2 a6 24. Ncd3 Rxd2 25. Rxd2 Nxc3 1/2-1/2

[Event "*** SCC Grand Prix: Titled Tuesday Blitz"]
[Site "Chess.com"]
[Date "2020.06.09"]
[Round "5"]
[White "m-garcett"]
[Black "GMJustin"]
[Result "0-1"]
[WhiteElo "2065"]
[BlackElo "2299"]
[TimeControl "180+1"]
[EndTime "9:55:19 PDT"]
[Termination "GMJustin won by resignation"]

1. e4 e5 2. Nf3 Nc6 3. Bb5 a6 4. Ba4 d6 5. d4 b5 6. Bb3 Nxd4 7.
Nxd4 exd4 8. Qxd4 c5 9. Qd5 Be6 10. Qc6+ Bd7 11. Qd5 c4 12. O-O Nf6 13. Qd4 cxb3 14.
axb3 Be7 15. Bf4 Bc6 16. Nc3 d5 17. e5 Ne4 18. Rad1 Bc5 19. Qd3 Nxc3 20. Qxc3 Qb6 21. b4 Be7 22. Be3 Qb7 23. e6 O-O 24. exf7+ Rxf7 25. Bd4 Bf6 26. Rd3 Bxd4 27. Qxd4 Re8 28. Rg3 Re4 29.
Qc3 d4 30. Qc5 Bd5 31. Rd1 Qc6 32.
Qa7 Rxa7 0-1

[Event "*** SCC Grand Prix: Titled Tuesday Blitz"]
[Site "Chess.com"]
[Date "2020.06.09"]
[Round "5"]
[White "Azoulas1"]
[Black "AniJak"]
[Result "1/2-1/2"]
[WhiteElo "1970"]
[BlackElo "2250"]
[TimeControl "180+1"]
[EndTime "9:55:22 PDT"]
[Termination "Game drawn by repetition"]

1. e4 c6 2. d4 d5 3. Nc3 dxe4 4. Nxe4 Nf6 5. Ng3 Bg4 6. Nf3 e6 7. Be2 Bd6 8. O-O h5 9. Ne5 Bxe2 10. Qxe2 Nbd7 11. Bf4 Bxe5 12. dxe5 Nd5 13. Bc1 Qc7 14. f4 O-O-O 15. Ne4 Kb8 16. Nd6 f6 17. Nf7 fxe5 18. Nxd8 Rxd8 19. fxe5 Nxe5 20. c4 Ng4 21. g3 Qb6+ 22.
Kh1 Nb4 23. Bf4+ Ka8 24. Rad1 Re8 25. a3 Na6 26. b4 c5 27. b5 Nb8 28. h3 Nf6 29.
Rd6 Qa5 30. Rxe6 Rxe6 31. Qxe6 Qxa3 32. Qc8 Nd7 33. Bxb8 Nxb8 34. Rf8 Qc1+ 35. Kg2 Qd2+ 36. Kf1 Qd1+ 37. Kg2 Qe2+ 38. Kg1 Qe1+ 39. Kg2 Qe2+ 40. Kg1 Qe1+ 41. Kg2 Qe2+ 1/2-1/2

[Event "*** SCC Grand Prix: Titled Tuesday Blitz"]
[Site "Chess.com"]
[Date "2020.06.09"]
[Round "5"]
[White "kuban1991"]
[Black "DrKozerov"]
[Result "1-0"]
[WhiteElo "2783"]
[BlackElo "2595"]
[TimeControl "180+1"]
[EndTime "9:55:25 PDT"]
[Termination "kuban1991 won by checkmate"]

1. Nf3 Nf6 2. g3 b6 3. Bg2 Bb7 4. O-O g6 5. d3 Bg7 6. Nbd2 O-O 7. e4 c5 8. a4 d5 9. a5 dxe4 10. Ng5 Nbd7 11. Ngxe4 Nxe4 12. Nxe4 Qc7 13. Bf4 e5 14. Bd2 h6 15. Bc3 f5 16. Nd2 Bxg2 17. Kxg2 Qc6+ 18. Qf3 Qxf3+ 19. Nxf3 e4 20. dxe4 Bxc3 21. bxc3 fxe4 22.
Nd2 Nf6 23. Rfe1 Rae8 24. axb6 axb6 25. Ra6 Re6 26. h3 Rd8 27. Nf1 Nd5 28. Ra3 Kf7 29. c4 Nb4 30. Re2 Rd1 31. Ne3 Rc1 32. Ra7+ Kf6 33.
Ng4+ Kg5 34. Rf7 h5 35. h4+ Kxg4 36. Rf4# 1-0

[Event "*** SCC Grand Prix: Titled Tuesday Blitz"]
[Site "Chess.com"]
[Date "2020.06.09"]
[Round "5"]
[White "tamarozi99"]
[Black "Boninknights"]
[Result "1-0"]
[WhiteElo "2055"]
[BlackElo "2330"]
[TimeControl "180+1"]
[EndTime "9:55:25 PDT"]
[Termination "tamarozi99 won by resignation"]

1. e4 Nc6 2. d4 e5 3. d5 Nce7 4. Nf3 Ng6 5. c4 Nf6 6. Nc3 Bc5 7. h3 O-O 8. Bd3 d6 9. a3 a6 10. g4 Nf4 11. Bxf4 exf4 12. Qd2 Nd7 13. Qxf4 Re8 14. O-O-O Bxf2 15. Rdf1 Bb6 16. e5 dxe5 17.
Bxh7+ Kf8 18. Qxf7+ Kxf7 19. Ng5+ Ke7 20. Rf7+ 1-0

[Event "*** SCC Grand Prix: Titled Tuesday Blitz"]
[Site "Chess.com"]
[Date "2020.06.09"]
[Round "5"]
[White "savagemedusa"]
[Black "WeAintSurePal"]
[Result "0-1"]
[WhiteElo "2027"]
[BlackElo "2282"]
[TimeControl "180+1"]
[EndTime "9:55:26 PDT"]
[Termination "WeAintSurePal won by resignation"]

1. d4 d5 2. c4 c6 3. Nf3 Nf6 4. Qc2 a6 5. Bf4 g6 6. e3 Bg7 7. Bd3 O-O 8. O-O b5 9. c5 Nbd7 10. Nc3 Nh5 11. Bg3 Nxg3 12. hxg3 e5 13. dxe5 Nxe5 14. Nd4 Nxd3 15. Qxd3 Bd7 16. b4 a5 17. a3 Qe7 18. Nce2 h5 19. Nf4 h4 20. gxh4 Qxh4 21. g3 Qe7 22. Kg2 Rfe8 23. Rh1 Qe4+ 24.
Qxe4 Rxe4 25. Rad1 axb4 26. axb4 Ra4 27. Nc2 Rc4 28. Rd2 Ra2 29. Rc1 Bb2 30. Rcd1 Bc3 31. Re2 Bxb4 32. Nxb4 Rxe2 33. Nxe2 Rxb4 34. Ra1 Rc4 35.
Ra8+ Kg7 36. Rd8 Be6 37. Nd4 Rxc5 38. Re8 Kf6 39. f4 b4 40. Kf3 Rc3 41. g4 c5 42.
g5+ Kg7 43. Nxe6+ fxe6 44. Rxe6 d4 45. Re7+ Kf8 46. Re6 Rxe3+ 47. Rxe3 dxe3 48. Kxe3 Kf7 49. Kd3 Ke6 50. Kc4 Kf5 51. Kxc5 b3 0-1

[Event "*** SCC Grand Prix: Titled Tuesday Blitz"]
[Site "Chess.com"]
[Date "2020.06.09"]
[Round "5"]
[White "AndrewDGreen"]
[Black "mbachez"]
[Result "0-1"]
[WhiteElo "2343"]
[BlackElo "2532"]
[TimeControl "180+1"]
[EndTime "9:55:29 PDT"]
[Termination "mbachez won by checkmate"]

1. e4 c6 2. Nf3 d5 3. Nc3 dxe4 4. Nxe4 Nf6 5. Qe2 Nxe4 6. Qxe4 Nd7 7. b3 Nf6 8. Qh4 Bf5 9. Bb2 g6 10. Nd4 Bd7 11. Bc4 Bg7 12. O-O-O b5 13. Be2 a5 14. Bf3 Rc8 15. Rhe1 O-O 16. g4 c5 17. Ne2 e6 18.
g5 Ne8 19. Bxg7 Nxg7 20. Qf4 a4 21. Kb1 axb3 22. cxb3 e5 23. Qxe5 Bf5+ 24. Ka1 Re8 25. Qc3 b4 26. Qb2 Qxg5 27. Ng3 h5 28. d4 cxd4 29. Qxd4 Rxe1 30. Rxe1 Rc1+ 31. Kb2 Rc2+ 32. Ka1 Qc1+ 33. Rxc1 Rxc1+ 34. Kb2 Rb1# 0-1

[Event "*** SCC Grand Prix: Titled Tuesday Blitz"]
[Site "Chess.com"]
[Date "2020.06.09"]
[Round "5"]
[White "DonBroca"]
[Black "topin8"]
[Result "0-1"]
[WhiteElo "2173"]
[BlackElo "2416"]
[TimeControl "180+1"]
[EndTime "9:55:29 PDT"]
[Termination "topin8 won by resignation"]

1. e4 e5 2. Nf3 Nc6 3. Bb5 Nf6 4. O-O Nxe4 5. Re1 Nd6 6. Nxe5 Nxe5 7. Rxe5+ Be7 8. Bf1 O-O 9. d4 Bf6 10. Re1 Nf5 11. c3 d5 12. Bf4 c6 13. Nd2 Nh4 14. h3 Bf5 15. Nf3 Ng6 16. Bh2 Qd7 17. Bd3 Rfe8 18.
Bxf5 Qxf5 19. Qd2 h6 20. Rxe8+ Rxe8 21. Re1 Re4 22. Ne5 Nxe5 23. dxe5 Bxe5 24. Rxe4 Qxe4 25.
Bxe5 Qxe5 26. f3 a6 27. Kf2 g5 28. Qd3 Kg7 29. Qd2 a5 30. Qd3 b5 31. a4 bxa4 32. Qa6 a3 33. bxa3 Qxc3 34. Qe2 Qxa3 35. Qe5+ Kg6 36. Qd6+ Qxd6 0-1

[Event "*** SCC Grand Prix: Titled Tuesday Blitz"]
[Site "Chess.com"]
[Date "2020.06.09"]
[Round "5"]
[White "Gareth-Bale11"]
[Black "Karateloru"]
[Result "0-1"]
[WhiteElo "2782"]
[BlackElo "2626"]
[TimeControl "180+1"]
[EndTime "9:55:35 PDT"]
[Termination "Karateloru won by resignation"]

1. e4 c5 2. Nf3 e6 3. g3 Nc6 4. Bg2 Nf6 5. Nc3 d5 6. exd5 Nxd5 7. O-O Nxc3 8. bxc3 Be7 9. Re1 O-O 10.
d3 Bf6 11. Bd2 Qc7 12. h4 b6 13. Bf4 Qd7 14. d4 cxd4 15. Nxd4 Bxd4 16. cxd4 Bb7 17. h5 Rad8 18. c3 Na5 19. Bxb7 Qxb7 20. h6 g6 21. Qg4 Nc4 22. Bg5 Rd6 23. Bf6 Nd2 24. Re3 Rd5 25. Be5 Nc4 26. Qf3 f6 27. Bf4 Nxe3 28. Bxe3 Qd7 29. c4 Rf5 30. Qe4 Rc8 31. Rc1 Qc6 32.
d5 Qd7 33. dxe6 Qe7 34. Bf4 Re8 35. Re1 Rc5 36. a4 g5 37. Bc1 Re5 0-1

[Event "*** SCC Grand Prix: Titled Tuesday Blitz"]
[Site "Chess.com"]
[Date "2020.06.09"]
[Round "5"]
[White "CalinGheorghiu"]
[Black "WiktoriaPOL"]
[Result "1-0"]
[WhiteElo "2339"]
[BlackElo "2037"]
[TimeControl "180+1"]
[EndTime "9:55:35 PDT"]
[Termination "CalinGheorghiu won by checkmate"]

1. e4 c5 2. Nf3 d6 3. d4 cxd4 4. Nxd4 Nf6 5. Nc3 a6 6. Be3 e5 7. Nb3 Be6 8. f3 Nbd7 9. Qd2 Be7 10. O-O-O b5 11. Nd5 Bxd5 12. exd5 Nb6 13. Bxb6 Qxb6 14. g4 Nd7 15. Na5 O-O 16. Nc6 Bd8 17. h4 Nb8 18. Nxd8 Rxd8 19. g5 Nd7 20. g6 fxg6 21. h5 Qd4 22.
Qxd4 exd4 23. hxg6 hxg6 24. Bh3 Nb6 25. Rxd4 Re8 26. Be6+ Kf8 27. Rf4+ Ke7 28. Rh7 Nc4 29. Rxg7+ Kd8 30. Rd7+ Kc8 31. Rff7 Rh8 32. Ra7+ Kb8 33.
Rfb7# 1-0

[Event "*** SCC Grand Prix: Titled Tuesday Blitz"]
[Site "Chess.com"]
[Date "2020.06.09"]
[Round "5"]
[White "mbojan"]
[Black "KamlaPasand"]
[Result "1-0"]
[WhiteElo "2634"]
[BlackElo "2225"]
[TimeControl "180+1"]
[EndTime "9:55:37 PDT"]
[Termination "mbojan won by resignation"]

1. e4 c5 2. Nf3 d6 3. d4 cxd4 4. Nxd4 Nf6 5. Nc3 g6 6. Be3 Bg7 7. f3 O-O 8. Qd2 Nc6 9. O-O-O Nxd4 10. Bxd4 Be6 11. Kb1 Qc7 12. Nd5 Bxd5 13. exd5 Rfc8 14. a3 b5 15. Bxb5 Rab8 16. Bc6 Nxd5 17. Bxd5 e5 18. Be3 e4 19. Bb3 d5 20. Bd4 Bf8 21. fxe4 a5 22.
a4 dxe4 23. Rhf1 Rxb3 24. cxb3 Rd8 25. Bb6 Qxb6 26. Qxd8 Qxb3 27. Qd5 Qxd5 28. Rxd5 Kg7 29. Rxa5 f5 30. Kc2 Kf6 31. Ra8 Bc5 32. Rc8 Bd4 33.
a5 g5 34. Re8 1-0

[Event "*** SCC Grand Prix: Titled Tuesday Blitz"]
[Site "Chess.com"]
[Date "2020.06.09"]
[Round "5"]
[White "Zurability"]
[Black "Escanor89"]
[Result "0-1"]
[WhiteElo "2669"]
[BlackElo "2527"]
[TimeControl "180+1"]
[EndTime "9:55:38 PDT"]
[Termination "Escanor89 won by resignation"]

1. Nf3 Nf6 2. c4 g6 3. Nc3 Bg7 4. e4 d6 5. d4 O-O 6. Be2 Bg4 7. Be3 Nfd7 8. O-O c5 9. d5 Na6 10. Re1 Nc7 11. a4 a6 12. Bf1 Ne5 13. Be2 Bxf3 14. gxf3 e6 15. f4 Nd7 16. Bg4 exd5 17. cxd5 f5 18. Bh3 Qh4 19. Bg2 Rae8 20. Ra3 Nf6 21. h3 fxe4 22. Bc1 Nh5 23. Rxe4 Rxe4 24. Nxe4 Nxf4 25.
Qg4 Qxg4 26. hxg4 Ne2+ 27. Kf1 Nxc1 28. Nxd6 Bxb2 29. Re3 Bd4 0-1

[Event "*** SCC Grand Prix: Titled Tuesday Blitz"]
[Site "Chess.com"]
[Date "2020.06.09"]
[Round "5"]
[White "DaggiGretarsson"]
[Black "ARMQUEEN"]
[Result "1-0"]
[WhiteElo "2597"]
[BlackElo "2302"]
[TimeControl "180+1"]
[EndTime "9:55:38 PDT"]
[Termination "DaggiGretarsson won by resignation"]

1. d4 Nf6 2. c4 c5 3. Nf3 cxd4 4.
Nxd4 Nc6 5. Nc3 g6 6. e4 Nxd4 7. Qxd4 d6 8. Be2 Bg7 9. Be3 O-O 10. Qd2 a5 11. f3 a4 12. Rc1 Qa5 13. O-O Be6 14. Rfd1 Rfc8 15. Nd5 Qxd2 16. Bxd2 Nxd5 17. cxd5 Bd7 18. Bc3 Bh6 19. Rb1 b5 20. Kf2 a3 21.
Bb4 axb2 22. Rxb2 Bg7 23. Rbd2 Bc3 24. Bxc3 Rxc3 25. Rb1 Ra5 26. Rdb2 Rc5 27. Bd1 Kg7 28. Bb3 Kf6 29. Ke3 g5 30. Rd2 Ra7 31. g3 Rac7 32. f4 h6 33. Kd4 e5+ 34. dxe6 fxe6 35. e5+ dxe5+ 36. fxe5+ Rxe5 37. Rf1+ Rf5 38. Re1 Rcc5 39.
Rde2 e5+ 40. Kxc5 Be8 41. Kd6 Rf3 42. Rxe5 Rc3 43. Rxe8 1-0

[Event "*** SCC Grand Prix: Titled Tuesday Blitz"]
[Site "Chess.com"]
[Date "2020.06.09"]
[Round "5"]
[White "HanSchut"]
[Black "mortngabriel"]
[Result "0-1"]
[WhiteElo "2188"]
[BlackElo "2457"]
[TimeControl "180+1"]
[EndTime "9:55:38 PDT"]
[Termination "mortngabriel won on time"]

1. e4 c5 2. Nf3 d6 3. d4 cxd4 4.
Nxd4 Nf6 5. f3 g6 6. c4 Bg7 7. Be3 O-O 8. Qd2 Nc6 9. Nc3 Bd7 10. Rc1 a5 11. b3 Nxd4 12. Bxd4 Bc6 13. Be2 Nd7 14. Be3 Nc5 15. O-O e6 16. Rfd1 Be5 17. Bf1 f5 18. exf5 Rxf5 19. f4 Bxc3 20. Qxc3 Ne4 21.
Qc2 Qh4 22. Bd3 Rh5 23. Bxe4 Qxh2+ 24. Kf1 Qg3 25. Bxc6 Qxe3 26. g3 bxc6 27. Qg2 d5 28. cxd5 cxd5 29. Qf2 Rh1+ 30. Kg2 Rh2+ 31. Kxh2 Qxf2+ 32. Kh3 Qxa2 0-1

[Event "*** SCC Grand Prix: Titled Tuesday Blitz"]
[Site "Chess.com"]
[Date "2020.06.09"]
[Round "5"]
[White "obliviate12"]
[Black "MiroVlasenko"]
[Result "1-0"]
[WhiteElo "2813"]
[BlackElo "2614"]
[TimeControl "180+1"]
[EndTime "9:55:39 PDT"]
[Termination "obliviate12 won by resignation"]

1. e4 Nc6 2. d4 d5 3. e5 Bf5 4. Nf3 e6 5. Bb5 Qd7 6. O-O a6 7. Bd3 Nge7 8. c3 f6 9. Re1 O-O-O 10. a4 Bxd3 11. Qxd3 Ng6 12. b4 fxe5 13. dxe5 Be7 14. b5 Na5 15. bxa6 b6 16. Ba3 Rdf8 17. Bxe7 Qxe7 18.
Nbd2 Nf4 19. Qb5 Kb8 20. g3 Nh3+ 21. Kg2 Ng5 22. Nd4 Qe8 23. f4 Nf7 24. Rab1 Ka7 25. N2b3 Nc4 26. Nc6+ Ka8 27. Nbd4 g5 28. f5 exf5 29.
Qxd5 1-0

[Event "*** SCC Grand Prix: Titled Tuesday Blitz"]
[Site "Chess.com"]
[Date "2020.06.09"]
[Round "5"]
[White "dey2580"]
[Black "stanyga"]
[Result "0-1"]
[WhiteElo "2439"]
[BlackElo "2650"]
[TimeControl "180+1"]
[EndTime "9:55:39 PDT"]
[Termination "stanyga won on time"]

1. d4 Nf6 2. Nf3 g6 3. g3 Bg7 4. Bg2 O-O 5. O-O d5 6. c4 dxc4 7. Na3 c3 8. bxc3 c5 9. Ne5 Nd5 10. Bb2 Nc6 11. Nac4 Be6 12. e4 Nb6 13. Nxc6 bxc6 14.
Na5 Nc4 15. Nxc4 Bxc4 16. Re1 Rb8 17. Qd2 Qb6 18. Ba3 cxd4 19. cxd4 Rfd8 20. Rac1 Rxd4 21. Qf4 e5 22. Qe3 Qb5 23. Bf3 Rd3 24. Qg5 Rxa3 25. Bg4 h6 26. Qe7 Rd3 27. Be2 Rd4 28. Rxc4 Rxc4 29. Qd6 Rd4 0-1

[Event "*** SCC Grand Prix: Titled Tuesday Blitz"]
[Site "Chess.com"]
[Date "2020.06.09"]
[Round "5"]
[White "chesslh19"]
[Black "LisikValera"]
[Result "0-1"]
[WhiteElo "2123"]
[BlackElo "2474"]
[TimeControl "180+1"]
[EndTime "9:55:39 PDT"]
[Termination "LisikValera won by resignation"]

1. e4 e6 2. d4 d5 3. Nd2 Nc6 4. Ngf3 Nf6 5. e5 Nd7 6. c3 f6 7. exf6 Qxf6 8. Bd3 e5 9. dxe5 Ndxe5 10. Be2 Bd6 11. O-O O-O 12. Nxe5 Nxe5 13. Nf3 c6 14. Re1 Bg4 15. Nxe5 Qxe5 16. g3 Bc5 17. Bf4 Bxe2 18. Qxe2 Qxe2 19. Rxe2 Rae8 20. Rae1 Rxe2 21. Rxe2 Kf7 22.
Be3 Re8 23. Kf1 Bxe3 24. fxe3 Ke6 25. Kf2 Ke5 26. Rd2 c5 27. b4 b6 28. Rb2 Rc8 29. bxc5 Rxc5 30. Rb3 Ke4 31. Ke2 Rc4 32. Ra3 a5 33.
Rb3 Ra4 34. Rb2 b5 35. Kd2 b4 36. cxb4 axb4 37. Kc2 Kxe3 38. Kb3 Ra7 39. Kxb4 Rb7+ 40. Ka3 Rxb2 41. Kxb2 d4 42. Kc1 Ke2 0-1

[Event "*** SCC Grand Prix: Titled Tuesday Blitz"]
[Site "Chess.com"]
[Date "2020.06.09"]
[Round "5"]
[White "TheBigBadChessDad"]
[Black "von_Eschenbach"]
[Result "1-0"]
[WhiteElo "2254"]
[BlackElo "2334"]
[TimeControl "180+1"]
[EndTime "9:55:39 PDT"]
[Termination "TheBigBadChessDad won on time"]

1. d4 d5 2. Bf4 Nf6 3. e3 c5 4.
Nf3 Nc6 5. Nbd2 Bf5 6. dxc5 e6 7. Nd4 Bxc5 8. Nxf5 exf5 9. Bd3 Qd7 10. c3 O-O 11. O-O Rfe8 12. Nb3 Bb6 13. Nd4 g6 14.
Qa4 Ne4 15. Bb5 Rac8 16. Rad1 Nc5 17. Qa3 a6 18. Nxc6 bxc6 19. Bd3 a5 20. Rd2 Qe6 21. Rfd1 h5 22. h3 Qf6 23. b4 axb4 24. cxb4 Ne6 25. Qa6 Nxf4 26. Qxb6 Ne6 27. b5 c5 28. Bf1 d4 29.
exd4 Nxd4 30. Qxf6 1-0

[Event "*** SCC Grand Prix: Titled Tuesday Blitz"]
[Site "Chess.com"]
[Date "2020.06.09"]
[Round "5"]
[White "Gandrade2"]
[Black "Too_Stupid_To_Play"]
[Result "0-1"]
[WhiteElo "2009"]
[BlackElo "2268"]
[TimeControl "180+1"]
[EndTime "9:55:39 PDT"]
[Termination "Too_Stupid_To_Play won by resignation"]

1. d4 Nf6 2. c4 e6 3. Nc3 Bb4 4. f3 d5 5. a3 Bxc3+ 6. bxc3 O-O 7. e3 h6 8. Bd3 dxc4 9. Bxc4 c5 10. Ne2 a6 11. a4 Qc7 12. Bd3 Rd8 13. O-O Nc6 14. Ng3 e5 15. Bb2 exd4 16. cxd4 cxd4 17. exd4 Qb6 18.
Rb1 Nxd4 19. Kh1 Be6 20. Qe1 Ba2 21. Bxd4 Qxd4 22. Rd1 Qxa4 23. Ne4 Nxe4 24. fxe4 Bb3 25. Ra1 Qd4 26. Bb1 Qxa1 27. Qf2 Qd4 28. Qf3 Qd1 0-1

[Event "*** SCC Grand Prix: Titled Tuesday Blitz"]
[Site "Chess.com"]
[Date "2020.06.09"]
[Round "5"]
[White "Ladislav1969"]
[Black "PawnEatingZombie"]
[Result "1-0"]
[WhiteElo "2318"]
[BlackElo "2106"]
[TimeControl "180+1"]
[EndTime "9:55:40 PDT"]
[Termination "Ladislav1969 won by resignation"]

1. e4 c6 2. d4 d5 3. e5 Bf5 4. c3 e6 5. Nd2 Nd7 6. Nb3 Bg6 7. Nf3 Nh6 8. Be2 Nf5 9. Bg5 Be7 10. h4 h6 11. Bxe7 Nxe7 12. h5 Bh7 13. O-O O-O 14.
Qd2 Qb6 15. Bd3 Bxd3 16. Qxd3 c5 17. Qe3 cxd4 18. Nbxd4 Rac8 19. Rab1 Nc6 20. g4 a6 21.
g5 hxg5 22. Nxg5 Nxd4 23. cxd4 Qb5 24. Rfc1 Nb6 25. b3 Qd7 26. Qd3 1-0

[Event "*** SCC Grand Prix: Titled Tuesday Blitz"]
[Site "Chess.com"]
[Date "2020.06.09"]
[Round "5"]
[White "Arkady_Gitelson"]
[Black "Chess_Boxer123"]
[Result "1-0"]
[WhiteElo "2534"]
[BlackElo "2721"]
[TimeControl "180+1"]
[EndTime "9:55:41 PDT"]
[Termination "Arkady_Gitelson won by resignation"]

1. e4 c5 2. b3 g6 3. Bb2 Nf6 4.
e5 Nd5 5. d4 cxd4 6. Qxd4 Nc7 7. e6 f6 8. exd7+ Bxd7 9. Bc4 Nc6 10. Qe3 b5 11. Bxf6 Bh6 12. Qxh6 exf6 13. Bd3 Ne5 14. Ne2 Qe7 15. Nbc3 Nxd3+ 16. cxd3 b4 17. Ne4 f5 18. N4g3 Nd5 19. O-O Qf8 20. Qd2 Qf6 21. Nf4 Qc3 22. Qe2+ Ne7 23. Nd5 Qc5 24. Rfe1 1-0

[Event "*** SCC Grand Prix: Titled Tuesday Blitz"]
[Site "Chess.com"]
[Date "2020.06.09"]
[Round "5"]
[White "Berardino"]
[Black "froylanajedrez"]
[Result "1-0"]
[WhiteElo "2526"]
[BlackElo "2342"]
[TimeControl "180+1"]
[EndTime "9:55:41 PDT"]
[Termination "Berardino won by resignation"]

1. e4 c5 2. Nf3 Nc6 3. Bb5 g6 4. Bxc6 dxc6 5. d3 Bg7 6. h3 Nf6 7. Nc3 Nd7 8. Be3 e5 9. Qd2 O-O 10. O-O Re8 11. Nh2 b6 12. f4 exf4 13. Bxf4 Nf8 14. Rae1 Ne6 15. Bh6 Bd4+ 16. Kh1 Ng7 17. Nf3 Be6 18. Nxd4 cxd4 19. Ne2 Nh5 20. b3 Qd7 21.
Rf3 c5 22. Nf4 Ng7 23. Ref1 Rf8 24. Bxg7 Kxg7 25. Nh5+ Kh8 26. Nf6 Qe7 27. Qh6 Qxf6 28.
Rxf6 c4 29. Rxe6 1-0

[Event "*** SCC Grand Prix: Titled Tuesday Blitz"]
[Site "Chess.com"]
[Date "2020.06.09"]
[Round "5"]
[White "Nor1lsk"]
[Black "Shoooting_Star"]
[Result "1-0"]
[WhiteElo "2603"]
[BlackElo "2713"]
[TimeControl "180+1"]
[EndTime "9:55:46 PDT"]
[Termination "Nor1lsk won by resignation"]

1. e4 c5 2. d3 g6 3. g3 Bg7 4. Bg2 e6 5. f4 Ne7 6. Nf3 Nbc6 7.
O-O d5 8. c3 O-O 9. Na3 Rb8 10.
Nc2 Qc7 11. e5 h5 12. Be3 b6 13. h3 Rd8 14. Bf2 Ba6 15. Re1 d4 16. c4 b5 17.
b3 bxc4 18. bxc4 Nb4 19. Ng5 Nec6 20. Ne4 Nxc2 21. Qxc2 Nb4 22. Qd2 Bb7 23. g4 hxg4 24.
hxg4 Bxe4 25. Bxe4 g5 26. Bg3 gxf4 27. Bxf4 Nc6 28. Qh2 Ne7 29. Qh7+ Kf8 30. Rf1 Ng8 31. Bg5 Qxe5 32. Bf4 Qf6 33. Bxb8 Qg5 34. Bg3 Qxg4 35. Qh4 Qxh4 36. Bxh4 Rb8 37. Rab1 Rxb1 38. Rxb1 f5 39.
Rb8+ Kf7 40. Bf3 Bh6 41. Bh5+ Kg7 42. Rb7+ Kf8 43. Rf7+ 1-0

[Event "*** SCC Grand Prix: Titled Tuesday Blitz"]
[Site "Chess.com"]
[Date "2020.06.09"]
[Round "5"]
[White "Slovak_fighter2000"]
[Black "LiverpooL174"]
[Result "0-1"]
[WhiteElo "2443"]
[BlackElo "2668"]
[TimeControl "180+1"]
[EndTime "9:55:47 PDT"]
[Termination "LiverpooL174 won by resignation"]

1. d4 Nf6 2. Nf3 d6 3. c4 Nbd7 4. Nc3 e5 5. e4 c6 6. Be2 g6 7. Be3 Bg7 8. h3 O-O 9. d5 cxd5 10. cxd5 a6 11. Nd2 b5 12. g4 Nb6 13. a3 Nfd7 14. h4 f5 15. f3 fxg4 16. fxg4 Nc5 17. Qc2 Bd7 18. O-O-O Rc8 19. Kb1 Nca4 20. h5 Nxc3+ 21. bxc3 g5 22. Ka2 h6 23. Rhf1 Na4 24. Nb1 Qa5 25.
Bd2 Rf4 26. Qd3 Nc5 27. c4 Qb6 28. Qc2 bxc4 29. Bxf4 exf4 30. Nc3 Qb3+ 31. Qxb3 cxb3+ 32. Kb2 Na4+ 33. Kxb3 Nxc3 34. Rd2 Nxe2 35. Rxe2 Bb5 0-1

[Event "*** SCC Grand Prix: Titled Tuesday Blitz"]
[Site "Chess.com"]
[Date "2020.06.09"]
[Round "5"]
[White "luizwas"]
[Black "smshk35"]
[Result "0-1"]
[WhiteElo "1808"]
[BlackElo "2323"]
[TimeControl "180+1"]
[EndTime "9:55:47 PDT"]
[Termination "smshk35 won by checkmate"]

1. e4 c5 2. Nf3 e6 3. d4 cxd4 4. Nxd4 a6 5. Nc3 b5 6. a3 Qc7 7. g3 Bc5 8. Nb3 Bb6 9. Bg2 Bb7 10. O-O Ne7 11. Kh1 Nbc6 12. f4 h5 13. Qf3 h4 14.
g4 Nd4 15. Nxd4 Bxd4 16. Be3 Bxc3 17. bxc3 Qxc3 18. Qe2 h3 19. Bf3 Rc8 20. Ra2 Qc4 21. Qxc4 Rxc4 22. f5 Bxe4 23. Bxe4 Rxe4 24. Bg5 exf5 25.
gxf5 Nxf5 26. Raa1 g6 27. Rad1 Rh5 28. Bf4 Rh4 29. Bc7 Rhg4 30. Rde1 Ne3 31. Rf3 Nxc2 32. Rc1 Rh4 33. Kg1 Re2 34. Bg3 Rd4 35. Rc3 Rdd2 36.
Rc8+ Ke7 37. Bh4+ f6 38. Bg3 Rg2+ 39. Kf1 Ne3+ 40. Ke1 Rde2# 0-1

[Event "*** SCC Grand Prix: Titled Tuesday Blitz"]
[Site "Chess.com"]
[Date "2020.06.09"]
[Round "5"]
[White "Playgood28"]
[Black "Vitor-Moraes"]
[Result "1-0"]
[WhiteElo "2260"]
[BlackElo "1964"]
[TimeControl "180+1"]
[EndTime "9:55:47 PDT"]
[Termination "Playgood28 won by resignation"]

1. d4 Nf6 2. c4 e6 3. Nc3 d5 4.
Bg5 Be7 5. cxd5 exd5 6. Qc2 O-O 7. e3 b6 8. Nf3 Nbd7 9. Be2 Bb7 10. O-O h6 11. Bf4 a6 12. Rac1 Rc8 13. Ne5 Nxe5 14. Bxe5 Bd6 15. Bf3 Re8 16. Bxf6 Qxf6 17. Nxd5 Qg5 18.
Ne7+ Rxe7 19. Bxb7 Rce8 20. g3 h5 21. Bc6 Rd8 22.
Bg2 h4 23. Qc6 hxg3 24. hxg3 g6 25. Qf3 Kg7 26. e4 Rh8 27. e5 Qh6 28. Rfd1 Qh2+ 29.
Kf1 Bb4 30. a3 1-0

[Event "*** SCC Grand Prix: Titled Tuesday Blitz"]
[Site "Chess.com"]
[Date "2020.06.09"]
[Round "5"]
[White "Boudicca64"]
[Black "GuuBol"]
[Result "0-1"]
[WhiteElo "1828"]
[BlackElo "2226"]
[TimeControl "180+1"]
[EndTime "9:55:47 PDT"]
[Termination "GuuBol won by resignation"]

1. e4 c5 2. g3 Nc6 3. Bg2 g6 4.
Ne2 Bg7 5. c3 e6 6. O-O Nge7 7.
d4 cxd4 8. cxd4 d5 9. e5 O-O 10. Nbc3 Bd7 11. Be3 a6 12. Rc1 b5 13. a3 Na5 14. b3 Rc8 15. f4 Nf5 16. Bf2 h5 17. h3 Qe7 18. g4 Nh6 19. Bf3 Qxa3 20. gxh5 Qxb3 21. hxg6 fxg6 22. Qd3 Nf5 23. Kh2 Qc4 24. Qxc4 Nxc4 25. Rg1 Be8 26. Ng3 b4 27.
Nce2 Nh4 28. Bh1 Kh7 29. Ne4 dxe4 30. Bxe4 Nf5 31. Bd3 Bb5 32. d5 exd5 0-1